 Dungeon Sprint DCSS version 0.21-a0-273-g0785366 (webtiles) character file.

17 Kidiri the Magician (level 2, -5/15 HPs)
             Began as a Deep Elf Fire Elementalist on Sept 17, 2017.
             Was a Follower of Vehumet.
             Slain by a fire bat (8 damage)
             ... in the Dungeon (Sprint VII: "The Pits").
             The game lasted 00:01:31 (453 turns).

Kidiri the Magician (Deep Elf Fire Elementalist)     Turns: 453, Time: 00:01:33

Health: -5/15      AC:  2    Str:  5    XL:     2   Next: 44%
Magic:  4/10       EV: 13    Int: 19    God:    Vehumet [*.....]
Gold:   0          SH:  0    Dex: 15    Spells: 8/12 levels left

rFire    . . .     SeeInvis .   j - +2 dagger
rCold    . . .     Gourm    .   (no shield)
rNeg     . . .     Faith    .   a - +0 robe
rPois    .         Spirit   .   (no helmet)
rElec    .         Reflect  .   (no cloak)
rCorr    .         Harm     .   (no gloves)
MR       .....     NoTele   +   (no boots)
Stlth    ++........             (no amulet)
HPRegen  0.05/turn              (no ring)
MPRegen  0.12/turn              (no ring)

@: no status effects
A: no striking features
a: Renounce Religion


You were in the Dungeon.
You worshipped Vehumet.
Vehumet was aware of your devotion.
You were not hungry.

You visited 1 branch

Inventory:

Hand Weapons
 j - a +2 dagger (weapon)
Armour
 a - a +0 robe (worn)
Scrolls
 i - a scroll of blinking
 l - 3 scrolls of remove curse
 m - 5 scrolls of amnesia
 n - a scroll of summoning
Potions
 d - a potion of curing
 e - a potion of heal wounds
 f - a potion of haste
 g - 4 potions of magic
 h - 3 potions of berserk rage
 k - 2 potions of invisibility
Books
 b - a book of Flames

   Spells                             Type                      Level
   a - Flame Tongue                   Conjuration/Fire             1
   b - Throw Flame                    Conjuration/Fire             2
   c - Conjure Flame                  Conjuration/Fire             3
   d - Inner Flame                    Hexes/Fire                   3
   e - Sticky Flame                   Conjuration/Fire             4
   f - Fireball                       Conjuration/Fire             5
Comestibles
 c - 8 bread rations
 o - 40 fruits
 p - 7 meat rations
 q - a chunk of flesh


   Skills:
 - Level 2.4 Dodging
 - Level 2.4 Stealth
 * Level 5.6 Spellcasting
 + Level 2.8 Conjurations
 + Level 4.2 Fire Magic


You had 8 spell levels left.
You knew the following spells:

 Your Spells              Type           Power        Failure   Level  Hunger
a - Flame Tongue          Conj/Fire      ###..        2%          1    None
b - Throw Flame           Conj/Fire      ###...       4%          2    None
c - Sting                 Conj/Pois      ##..         7%          1    None


Dungeon Overview and Level Annotations

Branches:
Dungeon (1/1)

Altars:
Ashenzari
Cheibriados
Dithmenos
Elyvilon
Fedhas
Gozag
Hepliaklqana
Kikubaaqudgha
Makhleb
Nemelex Xobeh
Okawaru
Qazlal
Ru
Sif Muna
Trog
Uskayaw
Vehumet
Wu Jian
Xom
Yredelemnul
Zin
The Shining One
Beogh
Jiyva
Lugonu


Message History

Casting: Sting
Confirm with . or Enter, or press ? or * to list all spells.
Aiming: Sting
Press: ? - help, Shift-Dir - straight line, f/p - fire bat
Aim: a fire bat (lightly wounded)
The sting hits the fire bat.
The fire bat is poisoned.
The fire bat is lightly wounded.
The fire bat misses you.
Casting: Sting
Confirm with . or Enter, or press ? or * to list all spells.
Aiming: Sting
Press: ? - help, Shift-Dir - straight line, f/p - fire bat
Aim: a fire bat (lightly wounded, poisoned)
The sting hits the fire bat.
The fire bat is lightly wounded.
The fire bat bites you.
* * * LOW HITPOINT WARNING * * *
You are engulfed in flames!
Ouch! That really hurt!
You die...

##########+##...........
#.?(.+)))+.##......#..#.
##########.##...........
#...........'...........
+#####'#####......#..#.
#.....##...........
#####'#####+#####++
#...b.##.......#
#...@.##.......#
###'####.......# ...
#...<...# .....
#.......# #......
#.......# #######
#.......# #########


You could see a fire bat.

Vanquished Creatures
  An adder (D)
  2 leopard geckos (D)
  A ball python (D)
  A bat (D)
  A kobold (D)
6 creatures vanquished.

Notes
Turn   | Place    | Note
-------+----------+-------------------------------------------
     0 | D        | Kidiri the Deep Elf Fire Elementalist began the quest for the Orb.
     0 | D        | Reached XP level 1. HP: 10/10 MP: 6/6
    48 | D        | Found a bloodstained altar of Trog.
    48 | D        | Found a deep blue altar of Sif Muna.
    48 | D        | Found a viscous altar of Jiyva.
    48 | D        | Found a hazy altar of Hepliaklqana.
    48 | D        | Found an opulent altar of Gozag.
    49 | D        | Found a glowing golden altar of the Shining One.
    49 | D        | Found a glowing silver altar of Zin.
    49 | D        | Found a basalt altar of Yredelemnul.
    49 | D        | Found a shimmering altar of Xom.
    49 | D        | Found an ornate altar of the Wu Jian Council.
    49 | D        | Found a sacrificial altar of Ru.
    49 | D        | Found a stormy altar of Qazlal.
    49 | D        | Found an iron altar of Okawaru.
    49 | D        | Found a sparkling altar of Nemelex Xobeh.
    49 | D        | Found a burning altar of Makhleb.
    49 | D        | Found a blossoming altar of Fedhas.
    49 | D        | Found a white marble altar of Elyvilon.
    49 | D        | Found a shadowy altar of Dithmenos.
    49 | D        | Found a snail-covered altar of Cheibriados.
    51 | D        | Found a radiant altar of Vehumet.
    51 | D        | Found a corrupted altar of Lugonu.
    51 | D        | Found a roughly hewn altar of Beogh.
    52 | D        | Found a hide-covered altar of Uskayaw.
    52 | D        | Found an ancient bone altar of Kikubaaqudgha.
    52 | D        | Found a shattered altar of Ashenzari.
    59 | D        | Became a worshipper of Vehumet
    80 | D        | Reached skill level 4 in Spellcasting
   337 | D        | Reached * piety under Vehumet
   337 | D        | Offered knowledge of Sting by Vehumet.
   359 | D        | Reached skill level 5 in Spellcasting
   359 | D        | Reached XP level 2. HP: 11/15 MP: 4/10
   367 | D        | Learned a level 2 spell: Throw Flame
   428 | D        | Noticed a fire bat
   447 | D        | Learned a level 1 spell: Sting
   453 | D        | Slain by a fire bat

Vault maps used:
D:        pitsprint

Skill      XL: |  1 |
---------------+----+-----
Spellcasting   | 5 |  5.6
Conjurations   | 2 |  2.8
Fire Magic     | 4 |  4.2
Dodging        | |  2.4
Stealth        | |  2.4

Action                   || total
-------------------------++-------
Melee: Dagger            ||     1
 Cast: Flame Tongue      ||    14
       Sting             ||     6
       Throw Flame       ||     1
Armor: Robe              ||     1
Dodge: Dodged            ||    17

Table legend:
 A = Spawn XP
 B = Non-spawn XP
 C = Spawn XP percentage of total XP
 D = Spawn monster count
 E = Non-spawn monster count
 F = Spawn count percentage of total count
 G = Total turns spent on level
                    A         B        C        D         E        F      G
               +---------+---------+-------+---------+---------+-------+---------
         Total |       0 |      25 |   0.0 |       0 |       6 |   0.0 |   453
               +---------+---------+-------+---------+---------+-------+---------
             D |       0 |      25 |   0.0 |       0 |       6 |   0.0 |   453
               +---------+---------+-------+---------+---------+-------+---------
